 Dungeon Crawl Stone Soup version 0.21.1-1-g345015fe64 (webtiles) character file.

123 Knicklaso the Slasher (level 5, -5/36 HPs)
             Began as a Halfling Fighter on Apr 5, 2018.
             Was a Follower of Uskayaw.
             Slain by an orc warrior
             ... wielding a +0 broad axe
              (20 damage)
             ... on level 3 of the Dungeon.
             The game lasted 00:04:59 (2496 turns).

Knicklaso the Slasher (Halfling Fighter)            Turns: 2496, Time: 00:05:00

Health: -5/36      AC:  6    Str: 22    XL:     5   Next: 28%
Magic:  5/5        EV: 14    Int:  6    God:    Uskayaw [*.....]
Gold:   101        SH:  0    Dex: 15    Spells: 4/4 levels left

rFire    . . .     SeeInvis .   a - +0 long sword
rCold    . . .     Gourm    .   (shield restricted)
rNeg     . . .     Faith    .   n - +0 ring mail
rPois    .         Spirit   .   (no helmet)
rElec    .         Reflect  .   (no cloak)
rCorr    .         Harm     .   (no gloves)
MR       .....                  h - +0 pair of boots
Stlth    +.........             (no amulet)
HPRegen  0.12/turn              (no ring)
MPRegen  0.09/turn              (no ring)

@: mighty, drained
A: small, mutation resistance 1
a: Stomp, Renounce Religion


You were on level 3 of the Dungeon.
You worshipped Uskayaw.
Uskayaw was noncommittal.
You were not hungry.

You visited 1 branch of the dungeon, and saw 3 of its levels.

You collected 101 gold pieces.

Inventory:

Hand Weapons
 a - a +0 long sword (weapon)
 e - a +1 whip of venom
 i - a +0 dagger of pain
Armour
 h - a +0 pair of boots (worn)
 n - a +0 ring mail (worn)
Jewellery
 g - an uncursed ring of protection from magic {unknown}
Scrolls
 c - 4 scrolls of remove curse {unknown}
 j - 2 scrolls of fog {unknown}
 m - 3 scrolls of identify {unknown}
 p - a scroll of enchant weapon {unknown}
Potions
 b - a potion of curing {unknown}
 d - a potion of might
 k - a potion of heal wounds
 l - a potion of resistance {unknown}
Comestibles
 f - 5 rations
 o - 2 chunks of flesh


   Skills:
 + Level 3.4(3.3) Fighting
 * Level 3.8(3.7) Long Blades
 - Level 3.2(3.1) Armour
 + Level 2.1 Dodging
   Level 3.3(3.2) Shields


You had 4 spell levels left.
You didn't know any spells.

Dungeon Overview and Level Annotations

Branches:
Dungeon (3/15)

Altars:
Uskayaw


Innate Abilities, Weirdness & Mutations

You are small and have problems with some larger weapons.
You are somewhat resistant to further mutation.


Message History

The orc closely misses you.
You riposte.
You hit the orc.
The orc is severely wounded.
A rat comes into view.
You hit the orc but do no damage.
The orc is severely wounded.
You barely miss the orc warrior. The orc misses you.
The orc closely misses you.
The orc warrior hits you with a broad axe!!
Ouch! That really hurt!
You are too injured to fight recklessly!
The orc misses you.
Okay, then.
You feel very mighty all of a sudden. The orc hits you.
You closely miss the orc. You hit the orc warrior.
The orc warrior is lightly wounded.
The orc warrior hits you with a broad axe!!
Ouch! That really hurt!
You die...

#.............##.##.#
#..##########.##.##.#
#..# #.##.##.# ##..#
#.##.##.# #...#
###.##.##.# #.#.#
###....... ... #.#.#
#.........
#.#.#####r........
#.#....@oo..<...#
#.#######o........
#.. ........... ###
###.#>...##. #.##.#.#
#># .#.# #.# .# # #..
..


You could see an orc warrior, 2 orcs and a rat.

Vanquished Creatures
  A worker ant (D:2)
  4 adders (D:2)
  2 oozes
  A dart slug (D:3)
  2 leopard geckos
  An orc (D:3)
  4 giant cockroaches
  4 goblins
  4 hobgoblins
  2 ball pythons
  6 bats
  A frilled lizard (D:2)
  11 kobolds
  8 rats
51 creatures vanquished.

Notes
Turn   | Place    | Note
-------+----------+-------------------------------------------
     0 | D:1      | Knicklaso the Halfling Fighter began the quest for the Orb.
     0 | D:1      | Reached XP level 1. HP: 15/15 MP: 1/1
    67 | D:1      | Reached XP level 2. HP: 16/20 MP: 2/2
   610 | D:1      | Reached skill level 1 in Dodging
   618 | D:1      | Reached XP level 3. HP: 9/25 MP: 3/3
   956 | D:2      | Reached XP level 4. HP: 14/31 MP: 4/4
  1621 | D:2      | Reached XP level 5. HP: 34/36 MP: 5/5
  1791 | D:2      | Found a hide-covered altar of Uskayaw.
  1794 | D:2      | Noticed an enchanted dagger
  1794 | D:2      | Noticed a hand axe
  1799 | D:2      | Became a worshipper of Uskayaw the Reveler
  1829 | D:2      | Reached * piety under Uskayaw
  2486 | D:3      | Noticed an orc warrior
  2496 | D:3      | Slain by an orc warrior

Skill      XL: |  1  2  3  4 |
---------------+-------------+-----
Dodging        | 1 2 |  2.1
Fighting       | 3 |  3.4
Long Blades    | 3 |  3.8
Armour         | |  3.2
Shields        | |  3.3

Action                   |  1- 3 |  4- 6 || total
-------------------------+-------+-------++-------
Melee: Long sword        |    72 |    88 ||   160
  Use: Potion            |     3 |     1 ||     4
  Eat: Chunk             |       |     5 ||     5
Armor: Scale mail        |    39 |     7 ||    46
       Ring mail         |       |    25 ||    25
Dodge: Dodged            |    52 |    61 ||   113
Block: Shield            |     1 |       ||     1
       Rpst.: Long sword |    17 |    19 ||    36
